 Dungeon Crawl Stone Soup version 0.32-a0-711-g016ad743e0 (webtiles) character file.

Game seed: 4132219569627558229

20988 Konar the Marksgoblin (level 12, -6/69 (70) HPs)
             Began as a Coglin Hunter on Mar 15, 2024.
             Was a High Priest of Hepliaklqana.
             Mangled by a black mamba simulacrum (16 damage)
             ... on level 11 of the Dungeon.
             The game lasted 00:13:36 (9507 turns).

Konar the Marksgoblin (Coglin Hunter)               Turns: 9507, Time: 00:13:36

HP:   -6/69 (70)    AC:  9    Str: 11    XL:     12   Next: 85%
MP:   16/16         EV: 11    Int: 10    God:    Hepliaklqana [*****.]
Gold: 925           SH:  0    Dex: 22    Spells: 11/11 levels left

rFire   . . .        a - +2 sling {Decima}
rCold   . . .        f - +5 hand cannon (heavy) {Yuina}
rNeg    . . .        v - +0 acid dragon scales
rPois   .            (no helmet)
rElec   .            (no cloak)
rCorr   +            A - +2 pair of gloves
SInv    .            (no boots)
Will    .....        (amulet unavailable)
Stlth   ++           (ring unavailable)
HPRegen 0.31/turn    (ring unavailable)
MPRegen 0.15/turn    (no gizmo)

%: no passive effects
@: lightly drained, revved
A: reduced essence, off-hand wielding, slow wielding, warmup strikes, no
jewellery
a: Invent Gizmo, Renounce Religion, Recall Ancestor, Ancestor Identity,
Transference, Idealise


You were on level 11 of the Dungeon.
You worshipped Hepliaklqana.
Hepliaklqana was extremely pleased with you.
You visited 2 branches of the dungeon, and saw 12 of its levels.
You also visited: Sewer and Bailey.

You collected 1015 gold pieces.
You spent 90 gold pieces at shops.

Inventory:

Hand Weapons
 a - a +2 sling (weapon) {Decima}
 d - a +0 sling {Surjit}
 f - a +5 heavy hand cannon (offhand) {Yuina}
Missiles
 w - a throwing net
Armour
 c - a +1 leather armour
 m - the +3 ring mail of the Untouchables {+Inv rF+}
   (You found it on level 4 of the Dungeon)

   rF+:       It protects you from fire.
   +Inv:      It lets you turn invisible.
 v - +0 acid dragon scales (worn)
 A - a +2 pair of gloves (worn)
Wands
 j - a wand of flame (25)
 n - a wand of paralysis (37)
 s - a wand of polymorph (12)
 y - a wand of roots (6)
Scrolls
 b - a scroll of butterflies
 k - 5 scrolls of blinking
 l - 3 scrolls of enchant armour
 z - 3 scrolls of teleportation
 C - a scroll of poison
 D - 4 scrolls of identify
 F - a scroll of revelation
Potions
 e - 8 potions of heal wounds
 g - 2 potions of enlightenment
 h - a potion of brilliance
 i - 4 potions of curing
 o - 3 potions of berserk rage
 p - 4 potions of invisibility
 q - a potion of lignification
 r - a potion of might
 t - 2 potions of haste
 u - a potion of attraction
 x - a potion of ambrosia
 E - a potion of magic {unknown}
Miscellaneous
 B - a tin of tremorstones (2/2)


   Skills:
 - Level 2.0 Fighting
 - Level 18.0 Ranged Weapons
 - Level 1.7 Dodging
 - Level 0.7 Stealth
 * Level 6.2 Invocations


You had 11 spell levels left.
You didn't know any spells.
Your spell library contained the following spells:

 Spells                   Type           Power      Damage    Failure   Level
 Sandblast                Erth           0%         2d4       52%         1
 Shock                    Conj/Air       0%         1d3       52%         1
 Slow                     Hex            0%         N/A       52%         1
 Summon Small Mammal      Summ           0%         N/A       52%         1
 Lesser Beckoning         Tloc           0%         N/A       65%         2
 Mercury Vapours          Alch/Air       0%         N/A       65%         2
 Call Canine Familiar     Summ           0%         N/A       87%         3
 Confusing Touch          Hex            0%         N/A       87%         3
 Gell's Gravitas          Tloc           0%         N/A       87%         3
 Mephitic Cloud           Conj/Alch/Air  0%         N/A       87%         3
 Passwall                 Erth           0%         N/A       87%         3
 Stone Arrow              Conj/Erth      0%         3d7       87%         3
 Swiftness                Air            0%         N/A       87%         3
 Teleport Other           Tloc           0%         N/A       87%         3
 Vampiric Draining        Necr           0%         2d6       87%         3
 Volatile Blastmotes      Fire/Tloc      0%         2d10      87%         3
 Airstrike                Air            0%         2d(0-16)  99%         4
 Brom's Barrelling Bould  Conj/Erth      0%         2d3       99%         4
 Olgreb's Toxic Radiance  Alch           0%         N/A       99%         4
 Summon Blazeheart Golem  Fire/Summ      0%         N/A       99%         4
 Freezing Cloud           Conj/Ice/Air   0%         6-21      100%        5
 Bombard                  Conj/Erth      0%         9d1       100%        6
 Ozocubu's Refrigeration  Ice            0%         4d7       100%        7
 Discord                  Hex            0%         N/A       100%        8


Dungeon Overview and Level Annotations

Branches:
Dungeon (11/15)            Temple (1/1) D:5            Lair (0/5) D:11
    Orc (0/2) D:10          Sewer (visited)          Bailey (visited)

Altars:
Ashenzari
Cheibriados
Dithmenos
Elyvilon
Fedhas
Gozag
Hepliaklqana
Kikubaaqudgha
Makhleb
Nemelex Xobeh
Okawaru
Qazlal
Ru
Sif Muna
Trog
Uskayaw
Vehumet
Wu Jian
Xom
Yredelemnul
Zin
The Shining One
Beogh

Shops:
D:10 (

Annotations:
D:4 3 runed translucent doors, MagicSucks's ghost, amateur CoBe
D:10 2 runed translucent doors


Innate Abilities, Weirdness & Mutations

Your life essence is reduced to manifest your ancestor. (-10% HP)
You can wield a second weapon in your off-hand.
It takes a long time for you to wield or remove held weapons.
Your first few attacks do less damage.
You cannot equip rings or amulets.


Message History

You shoot a sling bullet.
The sling bullet hits the spectral boulder beetle but does no damage.
The spectral boulder beetle is heavily damaged.
You shoot a slug.
The slug hits the spectral boulder beetle!
The spectral boulder beetle is severely damaged.
The spectral boulder beetle bites you.
You shoot a sling bullet.
The sling bullet hits the spectral boulder beetle but does no damage.
The spectral boulder beetle is severely damaged.
You shoot a slug.
The slug hits the spectral boulder beetle but does no damage.
The spectral boulder beetle is severely damaged.
The spectral boulder beetle bites you.
You feel drained.
You are too injured to fight recklessly!
You are too injured to fight recklessly!
You are too injured to fight recklessly!
You shoot a sling bullet.
The sling bullet hits the spectral boulder beetle but does no damage.
The spectral boulder beetle is severely damaged.
You shoot a slug.
The slug hits the spectral boulder beetle!!
The spectral boulder beetle is almost destroyed.
The spectral boulder beetle bites you!
* * * LOW HITPOINT WARNING * * *
You shoot a sling bullet.
The sling bullet hits the spectral boulder beetle but does no damage.
The spectral boulder beetle is almost destroyed.
You shoot a slug.
The slug hits the spectral boulder beetle!!!
You destroy the spectral boulder beetle!
You shoot a sling bullet.
The sling bullet closely misses the black mamba simulacrum.
You shoot a slug.
The slug closely misses the black mamba simulacrum.
The black mamba simulacrum bites you.
* * * LOW HITPOINT WARNING * * *
The black mamba simulacrum freezes you!
You die...
Hepliaklqana delivers you to your ancestors.

#..# #.≈≈≈...##......##...≈≈≈..#
#..# #.≈≈...##..####..##...≈≈..#
#<.# #.≈≈..##..## ##..##..≈≈[.#
#..###.≈≈.##..## ##..##.≈≈..#
#..##..≈~##..#### ##..##~≈..#
#..##.#~≈##÷###.########..#≈~..#
#..#..#≈≈#÷÷# #.#......##.#≈≈.##
#....##≈≈#..#=#Z#......##.#≈≈.#
##...###~~'..#_°@°..⌠....'.#≈≈.#
#.......≈≈#..#)#§#......##.#≈≈.#
.......#≈≈#..# #.#......##.#≈≈.#
........~≈##'###.##'#####..#≈~.#
........≈~##..####...###..##~≈.#
........≈≈.##..###.(.##..##.≈≈.#
.......#≈≈.†##..##.(##..##..≈≈.#
.[.>...#≈≈†..##..####..#'...≈≈.#
.......#≈≈≈...##......##...≈≈≈##


You could see a black mamba simulacrum.

Vanquished Creatures
  A centaur warrior (D:11)
  A two-headed ogre (D:10)
  Pikel (D:5)
  A spectral boulder beetle (D:11)
  2 cyclopes (D:10)
  A manticore (D:11)
  4 centaur zombies (D:11)
  A gargoyle (D:10)
  4 centaur skeletons (D:11)
  2 komodo dragons (D:11)
  An unseen horror (D:10)
  A hornet (D:9)
  A centaur simulacrum (D:11)
  3 shadows (D:11)
  3 wraiths (D:11)
  A wyvern (D:11)
  4 vampires
  2 basilisks (D:11)
  8 yaks
  3 vampire mosquitoes (D:11)
  A hell hound (D:11)
  3 acid dragons
  14 orc warriors
  2 sky beasts
  2 ice beasts
  3 black bears
  A black mamba simulacrum (D:11)
  2 boulder beetle simulacra (D:11)
  A crocodile (Sewer)
  An ogre (D:7)
  12 centaurs
  A phantom (D:5)
  A bullfrog (D:8)
  10 weeping skulls (D:11)
  A brain worm (Sewer)
  2 scorpions
  A gnoll sergeant (D:8)
  3 wights (D:9)
  6 killer bees
  A howler monkey (D:5)
  A bombardier beetle (D:6)
  4 jellies
  A gnoll bouda (D:5)
  6 orc priests
  A hound (D:5)
  A sleepcap (D:6)
  4 iguanas
  6 orc wizards
  2 hell rats (D:11)
  6 adders
  12 gnolls
  4 river rats (Sewer)
  A shadow imp (D:6)
  2 ribbon worms
  4 dart slugs
  50 orcs
  7 ball pythons
  3 bats
  8 endoplasms
  5 giant cockroaches
  6 goblins
  5 hobgoblins
  9 jackals
  8 kobolds
  8 quokkas
  2 frilled lizards
  8 rats
287 creatures vanquished.

Vanquished Creatures (collateral kills)
  A deep elf pyromancer (D:10)
  A yaktaur (D:10)
  3 trolls
  A hornet (D:8)
  2 shadows (D:11)
  A wraith (D:11)
  A wyvern (D:9)
  A steam dragon (D:6)
  A water moccasin (D:5)
  A hell hound (D:11)
  3 black bears
  2 boulder beetle simulacra (D:11)
  3 orc warriors
  An ice beast (D:6)
  4 wolves (D:11)
  3 lemures (D:4)
  A weeping skull (D:11)
  A bullfrog (D:7)
  3 killer bees (D:6)
  A howler monkey (D:5)
  A gnoll bouda (D:9)
  2 hounds
  An orc priest (D:3)
  Ijyb (D:4)
  2 orc wizards
  2 sleepcaps (D:7)
  5 gnolls
  A river rat (Sewer)
  2 adders
  8 orcs
  3 bats
  A giant cockroach (D:4)
  A goblin (D:1)
  A hobgoblin (D:9)
  4 jackals
  A kobold (Sewer)
  A ball python (Sewer)
  A frilled lizard (Sewer)
  A rat (Sewer)
74 creatures vanquished.

Vanquished Creatures (others)
  3 battlemagi
  2 ancestors
5 creatures vanquished.

Grand Total: 366 creatures vanquished

Notes
Turn   | Place    | Note
-------+----------+-------------------------------------------
     0 | D:1      | Konar the Coglin Hunter began the quest for the Orb.
     0 | D:1      | Reached XP level 1. HP: 16/16 MP: 1/1
   129 | D:1      | Reached skill level 4 in Ranged Weapons
   129 | D:1      | Reached XP level 2. HP: 22/22 MP: 2/2
   129 | D:1      | Found a faded altar of an unknown god.
   146 | D:1      | Prayed at the altar of an unknown god.
   146 | D:1      | Became a worshipper of Hepliaklqana the Forgotten
   146 | D:1      | Reached * piety under Hepliaklqana
   348 | D:1      | Reached XP level 3. HP: 24/24 MP: 3/3
   629 | D:2      | Identified the +4 sling of the Bursted God {flame, Fly rC+}
   743 | D:2      | You fall into a shaft and drop 2 floors!
   769 | D:4      | Noticed a scorpion
   776 | D:4      | Identified a scroll of acquirement
   776 | D:4      | Acquired a +2 heavy hand cannon
   784 | D:4      | Killed a scorpion
   785 | D:4      | Reached skill level 5 in Ranged Weapons
   785 | D:4      | Reached XP level 4. HP: 22/29 MP: 4/4
   855 | D:4      | Reached XP level 5. HP: 34/34 MP: 5/5
  1149 | D:3      | Reached ** piety under Hepliaklqana
  1150 | D:3      | Remembered your ancestor Arma as a battlemage
  1262 | D:3      | Found a glowing drain.
  1267 | Sewer    | Entered a sewer
  1295 | Sewer    | Reached skill level 6 in Ranged Weapons
  1362 | Sewer    | Reached XP level 6. HP: 31/39 MP: 4/6
  1597 | Sewer    | Reached skill level 7 in Ranged Weapons
  2480 | D:3      | Reached XP level 7. HP: 45/45 MP: 7/7
  3068 | D:4      | Identified the +3 ring mail of the Untouchables {+Inv rF+}
  3216 | D:4      | Reached *** piety under Hepliaklqana
  3217 | D:4      | Found a runed translucent gate.
  3217 | D:4      | Noticed MagicSucks's ghost (amateur CoBe)
  3218 | D:4      | Found a runed translucent gate.
  3219 | D:4      | Found a runed translucent gate.
  3220 | D:4      | Identified the +2 dagger of Keor {drain, rPois Will+}
  3409 | D:4      | Noticed Ijyb
  3413 | D:4      | Killed Ijyb
  3578 | D:4      | Found a roughly hewn altar of Beogh.
  3621 | D:5      | Entered Level 5 of the Dungeon
  3674 | D:5      | Noticed Pikel
  3729 | D:5      | Reached skill level 8 in Ranged Weapons
  3736 | D:5      | Found a staircase to the Ecumenical Temple.
  3752 | Temple   | Entered the Ecumenical Temple
  3764 | D:5      | Killed Pikel
  3765 | D:5      | Reached skill level 9 in Ranged Weapons
  3765 | D:5      | Reached XP level 8. HP: 24/50 MP: 8/8
  3773 | D:5      | Reached skill level 10 in Ranged Weapons
  4350 | D:6      | Reached XP level 9. HP: 54/54 MP: 9/9
  4364 | D:6      | Reached skill level 11 in Ranged Weapons
  4411 | D:6      | Reached **** piety under Hepliaklqana
  4459 | D:6      | Reached skill level 12 in Ranged Weapons
  4536 | D:6      | Found Zin's Purification Station.
  4541 | D:6      | Found a glowing silver altar of Zin.
  4554 | D:6      | Bought a potion of curing for 90 gold pieces
  5267 | D:7      | Reached skill level 13 in Ranged Weapons
  5278 | D:7      | Reached XP level 10. HP: 56/60 MP: 10/10
  5600 | D:8      | Identified the +0 ring mail "Ado Raos" {Str+7 Int+3}
  5688 | D:8      | Reached skill level 14 in Ranged Weapons
  5710 | D:8      | Reached ***** piety under Hepliaklqana
  6064 | D:9      | Found a flagged portal.
  6073 | Bailey   | Entered a bailey
  6386 | Bailey   | Reached skill level 15 in Ranged Weapons
  6489 | Bailey   | Reached XP level 11. HP: 55/64 MP: 11/11
  7307 | D:10     | Entered Level 10 of the Dungeon
  7443 | D:10     | Found a large runed translucent door.
  7443 | D:10     | Found a large runed translucent door.
  7450 | D:10     | Noticed a cyclops
  7663 | D:10     | Reached skill level 16 in Ranged Weapons
  7708 | D:10     | Found a staircase to the Orcish Mines.
  7712 | D:10     | Found Gemealyxt's Weapon Emporium.
  7815 | D:10     | Found a large runed translucent door.
  7815 | D:10     | Found a large runed translucent door.
  7909 | D:10     | Noticed a two-headed ogre
  7911 | D:10     | Killed a two-headed ogre
  7911 | D:10     | Noticed a deep elf pyromancer
  7916 | D:10     | Killed a deep elf pyromancer
  8026 | D:10     | Noticed a cyclops
  8030 | D:10     | Killed a cyclops
  8390 | D:10     | Killed a cyclops
  8392 | D:10     | Reached skill level 17 in Ranged Weapons
  8472 | D:10     | Identified the ring "Zystakh" {rF+++ Will+ Str+2 Stlth+}
  8508 | D:11     | Noticed a centaur warrior
  8512 | D:11     | Killed a centaur warrior
  8522 | D:11     | Reached XP level 12. HP: 57/70 MP: 12/12
  8574 | D:11     | Found a white marble altar of Elyvilon.
  8852 | D:11     | Reached skill level 18 in Ranged Weapons
  8871 | D:11     | Found a staircase to the Lair.
  8881 | D:11     | Reached skill level 1 in Invocations
  9229 | D:11     | Reached skill level 5 in Invocations
  9466 | D:11     | Found an ancient bone altar of Kikubaaqudgha.
  9507 | D:11     | Mangled by a black mamba simulacrum

Illustrated notes

Levels and vault maps discovered:
D:1:      lemuel_arrival_funnel, layout_basic, dreamdust_ecumenical_altar_grove
D:2:      layout_loops_ring
D:3:      layout_loops_ring, gup_sewer_entry_bowl
D:4:      nicolae_BIG_FREAKIN_CUBE, layout_basic, biasface_ghost_orc_armoury,
          uniq_ijyb
D:5:      layout_rooms, minmay_temple_entry_statues_fountains, uniq_pikel
D:6:      layout_cave_pools, zin_purify
D:7:      layout_rooms, minmay_puff
D:8:      layout_basic
D:9:      layout_long_grid, enter_bailey_4
D:10:     layout_roguey, orc_david_3, minmay_hollow_rounded_squares
D:11:     lemuel_vampire_tower, layout_rooms, erik_lair_dragon, elyvilon_altar_5
Temple:   regret_index_temple_sigil_plot

Skill      XL: |  1  2  3  4  5  6  7  8  9 10 11 12 |
---------------+-------------------------------------+-----
Ranged Weapons | 4 5 6 7 9 10 13 15 17 18 | 18.0
Invocations    | 6 |  6.2
Fighting       | |  2.0
Dodging        | |  1.7
Stealth        | |  0.7

Action                     |  1- 3 |  4- 6 |  7- 9 | 10-12 || total
---------------------------+-------+-------+-------+-------++-------
   Fire: Sling             |   138 |    92 |   105 |   351 ||   686
         Hand cannon       |       |    92 |   105 |   351 ||   548
 Invoke: Ancestor Identity |     1 |       |       |       ||     1
         Recall Ancestor   |     1 |       |       |       ||     1
         Ancestor Life: Ba |       |     1 |       |       ||     1
         Idealise          |       |       |       |     1 ||     1
    Use: Scroll            |     4 |     9 |     8 |     7 ||    28
 Armour: Leather armour    |    13 |     9 |     1 |       ||    23
         Ring mail         |       |       |    38 |    30 ||    68
         Acid dragon scale |       |       |       |    49 ||    49
  Dodge: Dodged            |     7 |    16 |    21 |    33 ||    77

Table legend: (Time is in decaauts)
 A = Elapsed time spent in this place.
 B = Non-inter-level travel time spent in this place.
 C = Inter-level travel time spent in this place.
 D = Time resting spent in this place.
 E = Time spent auto-exploring this place.
 F = Levels seen in this place.
 G = Mean time per level.
                   A        B        C        D        E       F      G
               +--------+--------+--------+--------+--------+-----+--------+
         Total |   9945 |   9292 |    653 |    663 |   6805 |  14 |  710.4 |
       Dungeon |   8456 |   7803 |    653 |    600 |   5852 |  11 |  768.7 |
        Temple |      1 |      1 |      0 |      0 |      0 |   1 |    1.0 |
         Sewer |    777 |    777 |      0 |      0 |    570 |   1 |  777.0 |
        Bailey |    709 |    709 |      0 |     63 |    382 |   1 |  709.0 |
               +--------+--------+--------+--------+--------+-----+--------+

Top non-repeatable levels by time:
     D:4: 1236 daAuts
    D:10: 1120 daAuts
    D:11: 1033 daAuts
     D:3: 828 daAuts
   Sewer: 777 daAuts
     D:9: 734 daAuts
  Bailey: 709 daAuts
     D:5: 646 daAuts
     D:8: 612 daAuts
     D:2: 571 daAuts
     D:1: 560 daAuts
     D:7: 557 daAuts
     D:6: 555 daAuts
  Temple: 1 daAuts
